 Dungeon Crawl Stone Soup version 0.16.2-2-g470672f (webtiles) character file.

5096 RepoMan the Cudgeler (level 10, -4/69 HPs)
             Began as a Ghoul Conjurer on Aug 19, 2015.
             Slain by a wyvern (15 damage)
             ... on level 10 of the Dungeon on Aug 20, 2015.
             The game lasted 01:54:08 (8228 turns).

RepoMan the Cudgeler (Ghoul Conjurer)               Turns: 8228, Time: 01:54:08

Health: -4/69      AC: 15    Str: 16    XL:     10   Next: 57%
Magic:  11/21      EV: 11    Int: 10    God:
Gold:   383        SH:  6    Dex:  9    Spells: 4 memorised, 10 levels left

rFire  . . .     SeeInvis .     m - +4 mace (protect)
rCold  + . .     Clarity  .     l - +0 ring mail
rNeg   + + +     SustAb   .     n - +2 buckler
rPois  ∞         Gourm    .     w - +0 helmet
rElec  .         Spirit   .     (no cloak)
rCorr  .         Warding  .     (no gloves)
rMut   .         Stasis   .     B - +2 pair of boots {Stlth+}
MR     .....                    (no amulet)
Stlth  +.........               J - ring of wizardry
                                p - ring of loudness (curse)

@: rotting, not resistant to hostile enchantments, very unstealthy
A: rotting body, claws 1, carnivore 3, cold resistance 1, negative energy
resistance 3, poison resistance, slow healing 1, torment resistance, unbreathing
a: no special abilities


You were on level 10 of the Dungeon.
You were not hungry.

You visited 1 branch of the dungeon, and saw 11 of its levels.

You collected 383 gold pieces.

Inventory:

Hand weapons
 g - a +1 flail of crushing
 m - a +4 mace of protection (weapon)
 E - a +0 dire flail
Missiles
 j - 29 poisoned needles
 z - 11 javelins (quivered)
Armour
 e - a +0 chain mail
 k - a +0 scale mail
 l - a +0 ring mail (worn)
 n - a +2 buckler (worn)
 t - a +0 large shield
 w - a +0 helmet (worn)
 B - a +2 pair of boots of stealth (worn)
 H - a +0 chain mail of magic resistance
Jewellery
 o - a cursed -2 ring of protection {unknown}
 p - a cursed ring of loudness (left claw)
 J - a ring of wizardry (right claw)
Magical devices
 a - a wand of polymorph (1)
 i - a wand of magic darts (19)
 s - a wand of random effects (2)
 G - a wand of fireball (0)
 K - a wand of random effects (23)
 L - a wand of magic darts (14)
Scrolls
 b - 5 scrolls of teleportation
 f - a scroll of identify
 r - 5 scrolls of remove curse
 y - 3 scrolls of recharging
 A - a scroll of magic mapping {unknown}
 F - a scroll of fog
 I - a scroll of blinking {unknown}
 O - a scroll of enchant weapon
Potions
 d - a potion of resistance
 v - 3 potions of curing
 x - 2 potions of restore abilities
 D - a potion of magic {unknown}
 M - 2 potions of poison {unknown}
 N - a potion of ambrosia {unknown}
Books
 c - a book of Conjurations

   Spells                             Type                      Level
   a - Magic Dart                     Conjuration                  1
   b - Searing Ray                    Conjuration                  2
   c - Dazzling Spray                 Conjuration/Hexes            3
   d - Fulminant Prism                Conjuration/Hexes            4
   e - Iskenderun's Mystic Blast      Conjuration                  4
   f - Iskenderun's Battlesphere      Conjuration/Charms           5
 h - a Fen Folio

   Spells                             Type                      Level
   a - Corpse Rot                     Necromancy                   2
   b - Stone Arrow                    Conjuration/Earth            3
   c - Leda's Liquefaction            Hexes/Earth                  4
   d - Summon Forest                  Summoning/Translocation      5
   e - Hydra Form                     Transmutation                6
   f - Summon Hydra                   Summoning                    7
Comestibles
 q - 6 chunks of flesh
 u - 5 meat rations
 C - 3 beef jerkies


   Skills:
 + Level 7.8 Maces & Flails
 + Level 6.0 Armour
 - Level 1.7 Dodging
 - Level 2.1 Stealth
 * Level 4.1 Shields
 + Level 5.9 Spellcasting
 + Level 6.6 Conjurations


You had 10 spell levels left.
You knew the following spells:

 Your Spells              Type           Power        Failure   Level  Hunger
a - Magic Dart            Conj           ###.         1%          1    None
b - Iskenderun's Mystic   Conj           ###.....     10%         4    ####...
d - Dazzling Spray        Conj/Hex       #.......     12%         3    ###....
s - Searing Ray           Conj           ###...       1%          2    ##.....


Dungeon Overview and Level Annotations

Branches:
Dungeon (11/15)              Lair (0/8) D:8             Orc (0/4) D:9
 Temple: D:4-7

Altars:
Cheibriados
Elyvilon
Fedhas
Makhleb
Nemelex Xobeh
Okawaru
Sif Muna
Vehumet
Xom
The Shining One

Annotations:
D:7 Joseph


Innate Abilities, Weirdness & Mutations

Your body is rotting away.
You thrive on raw meat.
You have sharp fingernails.
You are carnivorous and can eat meat at any time.
Your flesh is cold resistant.
You are immune to negative energy.
Your system is resistant to poisons.
You heal slowly when monsters are visible.
You are immune to unholy pain and torment.
You can survive without breathing.


Message History

The wyvern is almost dead.
You hear the steady creaking of a distant portcullis.
The wyvern bites you but does no damage.
You barely miss the wyvern.
The wyvern is almost dead.
The wyvern bites you!
* * * LOW HITPOINT WARNING * * *
You block the wyvern's attack.
Drink which item? (? for menu, Esc to quit)
You feel better. The wyvern closely misses you.
You barely miss the wyvern.
The wyvern is severely wounded.
The wyvern bites you!
* * * LOW HITPOINT WARNING * * *
The wyvern barely misses you.
Read which item? (? for menu, Esc to quit)
Okay, then.
Drink which item? (? for menu, Esc to quit)
You feel better. The wyvern bites you!
You die...

############# ###
............. ......
.........#.. #....#.
...#.....# #.......
...#.....#... #........
.........#...# #.?......
.............# #........
.............###D........
................@........
###.....#######'###+##...
#.....#............#
#.###.#..............
#.###.#..............
#.....#..............
#.....###'######+####
#...................#
#..##...##...######.#


You could see a wyvern.

Vanquished Creatures
  A hill giant (D:10)
  A harpy (shapeshifter) (D:11)
  2 two-headed ogres
  2 wyverns (D:8)
  A steam dragon (D:10)
  2 hungry ghosts
  2 hippogriffs
  2 phantoms
  A black bear (D:8)
  An ogre (D:8)
  A sky beast (D:6)
  An orc warrior (D:6)
  A necrophage (D:8)
  Duvessa (D:5)
  A big kobold (D:9)
  A crocodile (D:10)
  4 scorpions
  11 killer bees (D:9)
  2 jellies
  Dowan (D:5)
  5 crimson imps
  2 electric eels (D:9)
  A goliath beetle (D:6)
  4 hounds
  2 iguanas
  A giant frog skeleton (D:5)
  3 orc priests
  9 worker ants
  4 orc wizards
  A hound zombie (D:6)
  2 worker ant zombies
  Robin (D:2)
  11 adders
  A river rat (D:8)
  A giant mite (D:1)
  2 shadow imps (D:7)
  A worm (D:2)
  An adder zombie (D:5)
  5 giant geckos
  27 orcs
  A bat skeleton (D:8)
  5 giant cockroaches
  11 hobgoblins
  11 jackals
  An ooze (D:6)
  4 quokkas
  2 ball pythons
  17 bats
  4 giant newts
  2 giant spores
  16 goblins
  A goblin zombie (D:7)
  6 hobgoblin zombies (D:7)
  A jackal skeleton (D:8)
  15 kobolds
  A kobold zombie (D:7)
  An orc zombie (D:7)
  A quokka skeleton (D:5)
  19 rats
  2 ballistomycetes
244 creatures vanquished.

Vanquished Creatures (others)
  A giant spore (D:11)
  3 fungi (D:8)
  2 plants (D:8)
6 creatures vanquished.

Grand Total: 250 creatures vanquished

Notes
Turn   | Place    | Note
--------------------------------------------------------------
     0 | D:1      | RepoMan, the Ghoul Conjurer, began the quest for the Orb.
     0 | D:1      | Reached XP level 1. HP: 14/14 MP: 2/2
   519 | D:1      | Reached XP level 2. HP: 17/20 MP: 1/3
   523 | D:1      | Learned a level 2 spell: Searing Ray
   851 | D:1      | Reached skill level 1 in Armour
   899 | D:1      | Reached XP level 3. HP: 26/26 MP: 4/6
  1018 | D:2      | Found a blossoming altar of Fedhas.
  1160 | D:2      | Learned a level 3 spell: Dazzling Spray
  1194 | D:2      | Reached skill level 1 in Maces & Flails
  1356 | D:2      | Reached XP level 4. HP: 33/33 MP: 2/6
  1445 | D:2      | Noticed Robin
  1463 | D:2      | Killed Robin
  1887 | D:3      | Reached XP level 5. HP: 38/38 MP: 3/8
  2155 | D:3      | Found an iron altar of Okawaru.
  2155 | D:3      | Found a deep blue altar of Sif Muna.
  2155 | D:3      | Found a radiant altar of Vehumet.
  2494 | D:4      | Noticed a phantom
  2536 | D:4      | Killed a phantom
  2536 | D:4      | Reached skill level 4 in Conjurations
  2536 | D:4      | Reached XP level 6. HP: 30/44 MP: 0/10
  2835 | D:4      | Reached XP level 7. HP: 38/50 MP: 2/12
  3315 | D:5      | Entered Level 5 of the Dungeon
  3613 | D:5      | Found a shimmering altar of Xom.
  3614 | D:5      | Noticed Dowan
  3615 | D:5      | Noticed Duvessa
  3744 | D:5      | Killed Duvessa
  3765 | D:5      | Killed Dowan
  3997 | D:5      | Reached XP level 8. HP: 43/57 MP: 15/15
  4143 | D:5      | Noticed a two-headed ogre
  4143 | D:5      | a sky beast changed into a two-headed ogre
  4157 | D:5      | Killed a two-headed ogre
  4157 | D:5      | Reached skill level 5 in Conjurations
  4180 | D:5      | Reached skill level 5 in Maces & Flails
  5591 | D:7      | Found a glowing golden altar of the Shining One.
  5719 | D:7      | Noticed Joseph
  5757 | D:8      | Reached skill level 6 in Maces & Flails
  5757 | D:8      | Reached XP level 9. HP: 31/62 MP: 18/18
  6123 | D:8      | Identified a scroll of acquirement
  6527 | D:8      | Reached skill level 5 in Spellcasting
  6536 | D:8      | Found a staircase to the Lair.
  6614 | D:8      | Reached skill level 7 in Maces & Flails
  6682 | D:8      | Reached skill level 5 in Armour
  6847 | D:9      | Reached skill level 1 in Shields
  6868 | D:9      | Found a staircase to the Orcish Mines.
  6986 | D:9      | Found a white marble altar of Elyvilon.
  6986 | D:9      | Found a burning altar of Makhleb.
  6987 | D:9      | Found a snail-covered altar of Cheibriados.
  6987 | D:9      | Found a sparkling altar of Nemelex Xobeh.
  7025 | D:9      | Reached XP level 10. HP: 64/69 MP: 21/21
  7144 | D:9      | Learned a level 4 spell: Iskenderun's Mystic Blast
  7701 | D:9      | You fall through a shaft for 2 floors!
  7725 | D:11     | Noticed a hill giant
  7748 | D:11     | Noticed a harpy
  7759 | D:11     | Killed a harpy
  7872 | D:10     | Entered Level 10 of the Dungeon
  8060 | D:10     | Noticed a hill giant
  8078 | D:10     | Killed a hill giant
  8228 | D:10     | Slain by a wyvern

Action                   |  1- 3 |  4- 6 |  7- 9 | 10-12 || total
-------------------------+-------+-------+-------+-------++-------
Melee: Unarmed           |    33 |       |       |       ||    33
       Mace              |    57 |   195 |   516 |   132 ||   900
 Cast: Magic Dart        |    26 |    31 |    54 |    20 ||   131
       Searing Ray       |     2 |     4 |    22 |     3 ||    31
       Iskenderun's Myst |       |       |       |     8 ||     8
       Dazzling Spray    |       |       |       |     2 ||     2
Evoke: Wand              |       |       |     6 |     1 ||     7
  Use: Scroll            |       |       |    14 |     4 ||    18
       Potion            |       |       |     9 |     5 ||    14
  Eat: Chunk             |    12 |    21 |    60 |    20 ||   113
